 Dungeon Crawl Stone Soup version 0.17.0-28-g6e173f8 (webtiles) character file.

1717 plasmid the Grappler (level 8, -4/79 HPs)
             Began as a Troll Monk on Dec 2, 2015.
             Slain by an orc warrior
             ... wielding a +0 trident
              (10 damage)
             ... on level 6 of the Dungeon.
             The game lasted 00:30:27 (4145 turns).

plasmid the Grappler (Troll Monk)                   Turns: 4145, Time: 00:30:27

Health: -4/79      AC:  7    Str: 22    XL:     8   Next: 74%
Magic:  7/7        EV: 14    Int:  6    God:
Gold:   264        SH:  0    Dex: 12    Spells: 0 memorised, 7 levels left

rFire  . . .     SeeInvis .       - Unarmed
rCold  . . .     Clarity  .     E - +2 animal skin
rNeg   . . .     SustAt   .     (no shield)
rPois  .         Gourm    +     (helmet restricted)
rElec  .         Spirit   .     (no cloak)
rCorr  .         Warding  .     (gloves unavailable)
rMut   .         Stasis   .     (boots unavailable)
MR     .....                    (no amulet)
Stlth  +.........               P - ring of flight
                                L - +3 ring of evasion

@: not resistant to hostile enchantments, very unstealthy
A: unfitting armour, claws 3, fast metabolism 3, gourmand, regeneration 2,
shaggy fur 1, tough skin 2
a: Evoke Flight


You were on level 6 of the Dungeon.
You were very full.

You visited 1 branch of the dungeon, and saw 6 of its levels.

You collected 264 gold pieces.

Inventory:

Hand Weapons
 c - a cursed -3 hunting sling
 f - a +0 dagger
 k - a +0 hand axe
 n - a +0 spear
 s - a +0 hunting sling
 v - a +0 scythe
 z - a +1 dagger of venom
 B - a cursed -3 whip
 N - a cursed -3 short sword
Missiles
 g - 343 stones (quivered)
 J - 3 tomahawks
Armour
 a - a +1 robe
 j - a cursed -1 chain mail
 l - a +0 robe
 w - a +0 robe
 E - a +2 animal skin (worn)
 F - a +2 helmet
 G - a +0 leather armour
Jewellery
 L - a +3 ring of evasion (left claw)
 O - an uncursed ring of positive energy
 P - a ring of flight (right claw)
Wands
 u - a wand of polymorph (15)
 A - a wand of fire (7)
Scrolls
 d - 3 scrolls of teleportation
 e - a scroll of remove curse {unknown}
 h - a scroll of fear
 o - a scroll of immolation {unknown}
 p - 2 scrolls of identify
 t - a scroll of recharging {unknown}
 y - a scroll of random uselessness {unknown}
 D - a scroll of magic mapping {unknown}
 H - a scroll of enchant armour
 M - a scroll of brand weapon {unknown}
Potions
 i - a potion of haste
 q - 2 potions of might
 x - a potion of heal wounds
 C - a potion of lignification {unknown}
 I - a potion of degeneration {unknown}
Comestibles
 b - 4 bread rations
 m - 2 meat rations
 r - 3 beef jerkies
 K - 4 fruits


   Skills:
 + Level 4.4 Fighting
 + Level 4.6 Dodging
 - Level 1.1 Stealth
 * Level 9.9 Unarmed Combat


You had 7 spell levels left.
You didn't know any spells.

Dungeon Overview and Level Annotations

Branches:
Dungeon (6/15)
 Temple: D:4-7

Altars:
Ashenzari
Dithmenos
Nemelex Xobeh


Innate Abilities, Weirdness & Mutations

You are too large for most types of armour.
You have claws for hands.
Your metabolism is lightning-fast.
You like to eat raw meat.
You heal very quickly.
You are covered in fur (AC +1).
You have very tough skin (AC +2).


Message History

You claw the orc warrior!
The orc warrior is moderately wounded.
The orc warrior closely misses you. The orc wizard barely misses you.
You scratch the orc warrior.
The orc warrior is moderately wounded.
The orc warrior hits you but does no damage.
The orc wizard hits you with a dagger.
You mangle the orc warrior!!
The orc warrior is almost dead.
You scratch the orc warrior but do no damage.
The orc warrior is almost dead.
The orc warrior hits you with a trident!
The orc wizard hits you but does no damage.
You scratch the orc warrior but do no damage.
The orc warrior is almost dead.
The orc wizard hits you but does no damage.
The orc warrior hits you with a trident!!
* * * LOW HITPOINT WARNING * * *
The orc warrior hits you from afar with a trident!
You die...

# ###.. ...# #..# #..#
#..# .....#...
#####..###..###..##
..................
#####..#.#..###..###
#..# #....#..#.# ?#
######.###..###..#$#...#
................@......#
######.###..###.o###.###
.... #..#...o#
#...###..###..# #.#..
.... ....
#.####..##.#.#o# #.
#####...... # # #.####
#(


You could see an orc warrior, an orc wizard and an orc.

Vanquished Creatures
  The ghost of emiel the Digger, a novice DsEE (D:5)
  Sigmund (D:2)
  An ice beast (D:5)
  A necrophage (D:5)
  A centaur (D:5)
  4 big kobolds (D:4)
  A scorpion (D:4)
  A crimson imp (D:5)
  2 hounds (D:5)
  A jelly (D:6)
  An orc priest (D:5)
  An orc wizard (D:5)
  2 worker ants (D:4)
  An iguana (D:6)
  A hound zombie (D:6)
  Robin (D:3)
  4 adders
  10 gnolls (D:4)
  2 shadow imps
  2 oozes
  An adder skeleton (D:6)
  A worm (D:2)
  3 giant geckos
  13 orcs
  2 ball pythons
  2 giant cockroaches
  37 goblins
  33 hobgoblins
  9 jackals
  10 kobolds
  8 bats
  A giant newt (D:2)
  9 rats
  4 plants (D:5)
172 creatures vanquished.

Notes
Turn   | Place    | Note
--------------------------------------------------------------
     0 | D:1      | plasmid the Troll Monk began the quest for the Orb.
     0 | D:1      | Reached XP level 1. HP: 22/22 MP: 0/0
    18 | D:1      | Reached XP level 2. HP: 26/29 MP: 1/1
   734 | D:2      | Reached XP level 3. HP: 36/36 MP: 2/2
   792 | D:2      | Reached skill level 5 in Unarmed Combat
   926 | D:2      | Noticed Sigmund
   934 | D:2      | Killed Sigmund
   934 | D:2      | Reached skill level 6 in Unarmed Combat
   934 | D:2      | Reached XP level 4. HP: 44/44 MP: 3/3
   934 | D:2      | Reached XP level 5. HP: 50/50 MP: 4/4
  1684 | D:3      | Reached skill level 7 in Unarmed Combat
  1827 | D:3      | Noticed Robin
  1831 | D:3      | Killed Robin
  2125 | D:3      | Reached XP level 6. HP: 55/59 MP: 5/5
  2804 | D:4      | Reached skill level 8 in Unarmed Combat
  2808 | D:4      | Reached XP level 7. HP: 57/66 MP: 6/6
  3315 | D:5      | Entered Level 5 of the Dungeon
  3620 | D:5      | Reached skill level 9 in Unarmed Combat
  3620 | D:5      | Reached XP level 8. HP: 76/78 MP: 7/7
  3927 | D:5      | Noticed emiel's ghost (novice DsEE)
  3957 | D:5      | Killed emiel's ghost
  4053 | D:6      | Found a shadowy altar of Dithmenos.
  4053 | D:6      | Found a shattered altar of Ashenzari.
  4055 | D:6      | Found a sparkling altar of Nemelex Xobeh.
  4145 | D:6      | Slain by an orc warrior

Action                   |  1- 3 |  4- 6 |  7- 9 || total
-------------------------+-------+-------+-------++-------
Melee: Unarmed           |    74 |   161 |   244 ||   479
Throw: Stone             |       |     2 |       ||     2
  Use: Scroll            |       |     2 |     4 ||     6
       Potion            |       |     2 |     1 ||     3
 Stab: Sleeping          |       |       |     1 ||     1
  Eat: Chunk             |    13 |    15 |    14 ||    42
